 Dungeon Crawl Stone Soup version 0.30.1-10-g1249ef9ec4 (webtiles) character file.

Game seed: 9704343863903779687

56 lonewolfV2 the Trooper (level 3, -2/29 HPs)
             Began as a Demonspawn Fighter on Oct 26, 2023.
             Slain by a gnoll
             ... wielding a +0 halberd
              (9 damage)
             ... on level 2 of the Dungeon.
             The game lasted 00:01:35 (868 turns).

lonewolfV2 the Trooper (Demonspawn Fighter)          Turns: 868, Time: 00:01:36

Health: -2/29      AC:  6    Str: 18    XL:     3   Next: 69%
Magic:  3/3        EV:  9    Int:  9    God:
Gold:   58         SH:  4    Dex: 12    Spells: 2/2 levels left

rFire   . . .        a - +0 war axe (chaos)
rCold   . . .        c - +0 buckler
rNeg    . . .        b - +0 scale mail
rPois   .            (helmet restricted)
rElec   .            (no cloak)
rCorr   .            (no gloves)
SInv    .            (no boots)
Will    .....        (no amulet) Stlth
                     (no ring)
HPRegen 0.24/turn    (no ring)
MPRegen 0.08/turn

%: no passive effects
@: no status effects
A: horns 1
a: no special abilities


You were on level 2 of the Dungeon.
You visited 1 branch of the dungeon, and saw 2 of its levels.

You collected 58 gold pieces.

Inventory:

Hand Weapons
 a - a +0 war axe of chaos (weapon)
Armour
 b - a +0 scale mail (worn)
 c - a +0 buckler (worn)
Jewellery
 g - a ring of fire
Potions
 d - a potion of might
 e - a potion of magic
 i - 2 potions of invisibility {unknown}


   Skills:
 * Level 3.5 Fighting
 * Level 2.3 Axes
 + Level 2.9 Armour
 + Level 0.8 Dodging
 * Level 3.2 Shields


You had 2 spell levels left.
You didn't know any spells.
Your spell library was empty.

Dungeon Overview and Level Annotations

Branches:
Dungeon (2/15)

Altars:


Innate Abilities, Weirdness & Mutations

You have a pair of small horns on your head.


Message History

You completely miss the goblin. You barely miss the goblin.
You block the goblin's attack.
A gnoll comes into view. It is wielding a +0 club.
The goblin hits you but does no damage. The kobold hits you but does no damage.
Unknown command.
You closely miss the kobold. You headbutt the kobold.
You kill the kobold!
You slash the goblin!
You feel better.
You kill the goblin!
You hit the goblin.
You kill the goblin!
The kobold throws a stone.
The stone closely misses you.
You see here a +0 dagger.
Unknown command.
Found 7 gold pieces.
The kobold hits you but does no damage. The gnoll hits you but does no damage.
You hit the gnoll.
The gnoll is heavily wounded.
You hit the kobold.
You kill the kobold!
The gnoll barely misses you. The gnoll hits you but does no damage.
You hit the gnoll. You burn the gnoll.
You kill the gnoll!
The gnoll hits you with a +0 club.
You see here a +0 club.
You hit the gnoll but do no damage. The gnoll hits you with a +0 club!
A gnoll comes into view. It is wielding a +0 halberd.
The gnoll hits you with a +0 club.
The gnoll shouts!
You slash the gnoll! You freeze the gnoll.
You kill the gnoll!
Found a book of Cantrips.
The gnoll hits you from afar with a +0 halberd!
* * * LOW HITPOINT WARNING * * *
Things that are here:
a +0 club; a throwing net; a gnoll corpse
Found a shiny helmet.
The gnoll closely misses you.
Found a smoky purple potion.
You block the gnoll's attack.
You closely miss the gnoll. The gnoll hits you with a +0 halberd!
You die...

.# #. .# ... #..[......
#.##.# .:........ ..#..#
#......... ....# #.#
#......... ....# .# ..
#......... ....#..
#.##......... ....#.#
##.#...g....$! ....#.#
#.....@$......
......#####....)###<..##
.............)))......#
....###..##...).....###
.........##...#.###.#
##....#.........# #
....###.......###
##.#####......####
#........#.......#


You could see a gnoll.

Vanquished Creatures
  2 gnolls (D:2)
  An adder (D:2)
  A dart slug (D:2)
  A ball python (D:1)
  5 bats
  An endoplasm (D:1)
  A giant cockroach (D:1)
  4 goblins
  2 hobgoblins
  3 kobolds
  A frilled lizard (D:1)
  3 rats
25 creatures vanquished.

Notes
Turn   | Place    | Note
-------+----------+-------------------------------------------
     0 | D:1      | lonewolfV2 the Demonspawn Fighter began the quest for the
                  | Orb.
     0 | D:1      | Reached XP level 1. HP: 18/18 MP: 1/1
   231 | D:1      | Gained mutation: You have a pair of small horns on your
                  | head. [demonic ancestry]
   231 | D:1      | Reached XP level 2. HP: 24/24 MP: 2/2
   482 | D:1      | Found a faded altar of an unknown god.
   771 | D:2      | Reached XP level 3. HP: 19/29 MP: 3/3
   868 | D:2      | Slain by a gnoll

Illustrated notes

Levels and vault maps discovered:
D:1:      shiori_arrival_elements, layout_loops_ring,
          ebering_ecumenical_altar_abandoned, minmay_misc_feat_encased
D:2:      layout_rooms, uniq_robin

Skill      XL: |  1  2 |
---------------+-------+-----
Axes           | 2 |  2.3
Shields        | 3 |  3.2
Fighting       | |  3.5
Armour         | |  2.9
Dodging        | |  0.8

Action                     || total
---------------------------++-------
  Melee: War axe           ||    81
         Headbutt          ||     5
    Use: Scroll            ||     5
 Armour: Scale mail        ||    58
  Dodge: Dodged            ||    59
  Block: Buckler           ||    22
